 Dungeon Crawl Stone Soup version 0.23-a0-358-g98c7a59 (webtiles) character file.

2912 BingusPrime the Covert (level 9, -3/60 HPs)
             Began as an Octopode Transmuter on Oct 21, 2018.
             Was a Believer of Sif Muna.
             Slain by a white ugly thing (22 damage)
             ... on level 8 of the Dungeon on Oct 22, 2018.
             The game lasted 00:38:55 (6847 turns).

BingusPrime the Covert (Octopode Transmuter)        Turns: 6847, Time: 00:38:56

Health: -3/60      AC:  2    Str:  9    XL:     9   Next: 78%
Magic:  7/12       EV: 28    Int: 17    God:    Sif Muna [**....]
Gold:   311        SH:  0    Dex: 24    Spells: 6/12 levels left

rFire    . . .     SeeInvis .     - Unarmed
rCold    . . .     Gourm    .   (shield currently unavailable)
rNeg     . . .     Faith    .   (helmet currently unavailable)
rPois    x         Spirit   .   (no amulet)
rElec    .         Reflect  .   j - ring of resist corrosion
rCorr    +         Harm     .   r - ring of stealth
MR       .....                  s - +3 ring of dexterity
Stlth    +++++.....             y - +5 ring of evasion
HPRegen  0.60/turn              (no ring)
MPRegen  0.13/turn              (no ring)
                                (no ring)
                                (no ring)

@: spider-form
A: tiny, almost no armour, stealthy swim, (amphibious), 8 rings, (constrict 8),
agile 1, regeneration 1
a: End Transformation, Divine Energy, Renounce Religion


You were on level 8 of the Dungeon.
You worshipped Sif Muna.
Sif Muna was pleased with you.
You were near starving.
You were a venomous arachnid creature.
You visited 1 branch of the dungeon, and saw 8 of its levels.

You collected 311 gold pieces.

Inventory:

Hand Weapons
 x - a +2 scythe of freezing
Missiles
 a - 56 arrows
 o - 4 tomahawks (quivered)
Jewellery
 j - a ring of resist corrosion (left front leg)
 r - a ring of stealth (right front leg)
 s - a +3 ring of dexterity (on tentacle)
 y - a +5 ring of evasion (on tentacle)
 A - an uncursed ring of positive energy {unknown}
Wands
 v - a wand of scattershot (4)
Scrolls
 b - 3 scrolls of fog
 e - a scroll of enchant weapon {unknown}
 f - 3 scrolls of remove curse {unknown}
 i - 2 scrolls of immolation {unknown}
 k - 2 scrolls of teleportation {unknown}
 l - a scroll of random uselessness {unknown}
 n - a scroll of amnesia {unknown}
 p - a scroll of magic mapping {unknown}
 q - 4 scrolls of enchant armour {unknown}
 t - 4 scrolls of identify
 w - 3 scrolls of blinking {unknown}
Potions
 d - 4 potions of degeneration
 g - 4 potions of heal wounds {unknown}
 h - 2 potions of berserk rage {unknown}
 m - a potion of cancellation {unknown}
 u - a potion of mutation
 z - a potion of lignification {unknown}
Comestibles
 c - 5 rations


   Skills:
 * Level 4.9 Fighting
 + Level 4.1 Dodging
 * Level 8.4 Stealth
 + Level 7.0 Unarmed Combat
 - Level 2.0 Spellcasting
 * Level 7.9 Transmutations
 - Level 1.2 Poison Magic


You had 6 spell levels left.
You knew the following spells:

 Your Spells              Type           Power        Failure   Level  Hunger
a - Beastly Appendage     Tmut           ####..       4%          1    #......
b - Spider Form           Tmut/Pois      ###.......   22%         3    ###....
c - Sticks to Snakes      Tmut           ####....     5%          2    ###....

Your spell library contained the following spells:

 Spells                   Type           Power        Failure   Level  Hunger
 Blade Hands              Tmut           ####......   41%         5    ######.
 Ice Form                 Ice/Tmut       ###.....     58%         4    #####..


Dungeon Overview and Level Annotations

Branches:
Dungeon (8/15)             Temple (0/1) D:4
   Lair: D:8-11

Altars:
Makhleb
Sif Muna
Yredelemnul

Annotations:
D:3 2 transporters, RonnieColeman's ghost, amateur OpCj


Innate Abilities, Weirdness & Mutations

You cannot wear most types of armour.
You are very stealthy in the water. (Stealth+)
((You are amphibious.))
You can wear up to eight rings at the same time.
((You can use your tentacles to constrict eight enemies at once.))
((Your skin changes colour to match your surroundings (Stealth+).))
((Your rubbery body absorbs attacks. (AC +1, EV +1)))
You are agile. (Dex +2)
((Your system is resistant to poisons. (rPois)))
Your natural rate of healing is unusually fast.


Message History

You start resting.
Your magical contamination has completely faded away.
You start resting.
You are feeling very hungry.
You start resting.
Magic restored.
You start waiting.
Done waiting.
Casting: Spider Form (safe; 9% risk of failure)
Confirm with . or Enter, or press ? or * to list all spells.
You turn into a venomous arachnid creature.
You climb downwards.
The white ugly thing misses you. The white ugly thing stings you!
The white ugly thing freezes you!!
There is a stone staircase leading up here.
Casting: Spider Form (safe; 22% risk of failure)
Confirm with . or Enter, or press ? or * to list all spells.
You create a snake!
You now have 56 arrows.
You are near starving!
The white ugly thing stings you. The white ugly thing freezes you!!
You die...

# ..# #. #.#
..#..##.######
#............#
.#..........#
.............#
.%..$%%P%....#
P%%.........u#
............s#
#.#++#.#.#...#
# #####..S#
#...# #...#
#####


You could see a white ugly thing and a friendly adder.

Vanquished Creatures
  Sigmund (D:5)
  Eustachio (D:5)
  A sky beast (D:6)
  4 orc warriors
  2 ice beasts
  A black bear (D:7)
  2 ogres
  A centaur (D:7)
  A big kobold (D:7)
  3 bullfrogs
  3 scorpions
  A jelly (D:5)
  2 crimson imps (D:5)
  A quasit (D:7)
  7 orc wizards
  A centaur skeleton (D:4)
  5 orc priests
  4 bullfrog skeletons
  An iguana (D:6)
  6 worker ants
  A killer bee zombie (D:6)
  5 adders
  A shadow imp (D:7)
  An ooze (D:1)
  4 worms
  A dart slug (D:4)
  5 leopard geckos
  24 orcs
  2 ball pythons
  8 bats
  5 giant cockroaches
  13 goblins
  6 hobgoblins
  6 jackals
  14 kobolds
  A quokka (D:5)
  9 frilled lizards
  11 rats
165 creatures vanquished.

Vanquished Creatures (collateral kills)
  Grinder (D:5)
  Menkaure (D:5)
  An ogre (D:6)
  A centaur zombie (D:6)
  An orc priest (D:6)
  4 orcs
  3 kobolds (D:7)
12 creatures vanquished.

Vanquished Creatures (others)
  A plant (D:3)
1 creature vanquished.

Grand Total: 178 creatures vanquished

Notes
Turn   | Place    | Note
-------+----------+-------------------------------------------
     0 | D:1      | BingusPrime the Octopode Transmuter began the quest for the
                  | Orb.
     0 | D:1      | Reached XP level 1. HP: 13/13 MP: 3/3
   152 | D:1      | Gained mutation: Your natural rate of healing is unusually
                  | fast. [potion of mutation]
   152 | D:1      | Gained mutation: You are partially covered in slimy green
                  | scales. (AC +2) [potion of mutation]
   152 | D:1      | Gained mutation: Your spells are a little harder to cast,
                  | but a little more powerful. [potion of mutation]
   156 | D:1      | Reached XP level 2. HP: 6/18 MP: 3/5
   523 | D:1      | Reached skill level 1 in Stealth
   542 | D:1      | Reached XP level 3. HP: 20/23 MP: 1/6
   551 | D:1      | Learned a level 3 spell: Spider Form
  1009 | D:2      | Reached XP level 4. HP: 17/28 MP: 1/7
  1191 | D:2      | Reached skill level 2 in Stealth
  1276 | D:2      | Learned a level 2 spell: Sticks to Snakes
  1466 | D:2      | Found a deep blue altar of Sif Muna.
  1466 | D:2      | Found a basalt altar of Yredelemnul.
  1466 | D:2      | Found a burning altar of Makhleb.
  1500 | D:2      | Became a worshipper of Sif Muna the Loreminder
  1747 | D:3      | Found a transporter.
  1750 | D:3      | Noticed a necrophage
  1758 | D:3      | Found a transporter.
  1758 | D:3      | Noticed RonnieColeman's ghost (amateur OpCj)
  1820 | D:3      | Reached XP level 5. HP: 23/34 MP: 2/8
  1833 | D:3      | Reached skill level 1 in Poison Magic
  2146 | D:3      | Reached skill level 3 in Stealth
  2524 | D:4      | Found a staircase to the Ecumenical Temple.
  2662 | D:4      | Reached XP level 6. HP: 29/39 MP: 6/9
  2738 | D:4      | Reached skill level 4 in Stealth
  2869 | D:4      | Reached * piety under Sif Muna
  3577 | D:5      | Entered Level 5 of the Dungeon
  3577 | D:5      | Noticed an ice beast
  3716 | D:5      | Noticed Menkaure
  3903 | D:5      | Killed Menkaure
  3903 | D:5      | Reached skill level 5 in Stealth
  3903 | D:5      | Reached XP level 7. HP: 21/45 MP: 5/10
  3976 | D:5      | Noticed Sigmund
  3999 | D:5      | Noticed Grinder
  4021 | D:5      | Noticed Eustachio
  4081 | D:5      | Lost mutation: Your spells are a little harder to cast, but
                  | a little more powerful. [potion of mutation]
  4081 | D:5      | Lost mutation: You are partially covered in slimy green
                  | scales. (AC +2) [potion of mutation]
  4081 | D:5      | Gained mutation: You are agile. (Dex +2) [potion of
                  | mutation]
  4081 | D:5      | Gained mutation: Your system is resistant to poisons.
                  | (rPois) [potion of mutation]
  4349 | D:5      | Killed Sigmund
  4349 | D:5      | Reached skill level 6 in Stealth
  4409 | D:5      | Reached skill level 5 in Unarmed Combat
  4435 | D:5      | Paralysed by Grinder for 4 turns
  4455 | D:5      | Paralysed by Grinder for 3 turns
  4457 | D:5      | Killed Grinder
  4457 | D:5      | Reached skill level 5 in Transmutations
  4457 | D:5      | Reached XP level 8. HP: 28/52 MP: 3/11
  4555 | D:5      | Killed Eustachio
  5111 | D:6      | Reached skill level 7 in Stealth
  5268 | D:6      | Reached XP level 9. HP: 48/58 MP: 3/12
  5665 | D:6      | Reached ** piety under Sif Muna
  5693 | D:6      | Upgraded the game from 0.23-a0-356-g1757c6e to
                  | 0.23-a0-358-g98c7a59
  6048 | D:7      | Reached skill level 8 in Stealth
  6360 | D:7      | Identified the +5 ring mail of the Armoured One {rF+ rC-
                  | Int+4 Dex+6}
  6544 | D:8      | Noticed a white ugly thing
  6554 | D:8      | HP: 3/60 [white ugly thing (22)]
  6847 | D:8      | Slain by a white ugly thing

Vault maps used:
D:1:      dpeg_arrival_three_same_balls
D:2:      cheibrodos_old_hovel, gammafunk_temple_overflow_claw, first_ration
D:3:      gammafunk_ghost_mausoleum, serial_bayou, serial_bayou_pond_a,
          serial_bayou_lake_a, serial_bayou_pond_e, serial_bayou_shore_a
D:4:      kennysheep_spiral_hall, minmay_temple_entry_statues_fountains,
          minmay_statues_item
D:5:      grunt_ministairs_7, uniq_menkaure, uniq_grinder, uniq_sigmund,
          uniq_eustachio
D:8:      old_standard_altar, blue_anna_alchemist

Skill      XL: |  1  2  3  4  5  6  7  8  9 |
---------------+----------------------------+-----
Stealth        | 1 2 3 5 6 7 8 |  8.4
Fighting       | 2 3 4 |  4.9
Transmutations | 3 4 5 6 7 |  7.9
Poison Magic   | 1 |  1.2
Unarmed Combat | 4 5 6 7 |  7.0
Dodging        | 3 4 |  4.1
Spellcasting   | |  2.0

Action                   |  1- 3 |  4- 6 |  7- 9 || total
-------------------------+-------+-------+-------++-------
Melee: Unarmed           |    83 |   143 |   279 ||   505
       Constrict         |    17 |    26 |    21 ||    64
       Kick              |    17 |    19 |    31 ||    67
       Tentacles         |    10 |    14 |    23 ||    47
       Punch             |     1 |     2 |     3 ||     6
 Cast: Beastly Appendage |    19 |    22 |    16 ||    57
       Spider Form       |     3 |    11 |    26 ||    40
       Sticks to Snakes  |       |     9 |    39 ||    48
  Use: Potion            |     1 |       |     3 ||     4
       Scroll            |       |     3 |       ||     3
 Stab: Sleeping          |     4 |    12 |     6 ||    22
       Distracted        |       |       |     3 ||     3
  Eat: Chunk             |     1 |     7 |    11 ||    19
       Ration            |       |     2 |     1 ||     3
Armor: Skin              |    23 |    19 |     6 ||    48
Dodge: Dodged            |    60 |    87 |   310 ||   457

Table legend:
 A = Non-vault XP
 B = Vault XP
 C = Vault XP percentage of total XP
 D = Non-vault monster count
 E = Vault monster count
 F = Vault count percentage of total count
                 A         B        C        D         E       F
            +---------+---------+-------+---------+---------+-------
      Total |    3275 |     885 |  21.3 |     167 |      10 |   5.6
            +---------+---------+-------+---------+---------+-------
        D:1 |      48 |       0 |   0.0 |      29 |       0 |   0.0
        D:2 |      88 |       5 |   5.4 |      31 |       1 |   3.1
        D:3 |     105 |       0 |   0.0 |      21 |       0 |   0.0
        D:4 |     194 |      16 |   7.6 |       8 |       3 |  27.3
        D:5 |     539 |     864 |  61.6 |      18 |       6 |  25.0
        D:6 |    1112 |       0 |   0.0 |      25 |       0 |   0.0
        D:7 |    1189 |       0 |   0.0 |      35 |       0 |   0.0
            +---------+---------+-------+---------+---------+-------
